 Dungeon Crawl Stone Soup version 0.26.0-41-g79a4fc7684 (webtiles) character file.

Game seed: 11154530854095746483

558 DasRunzen the Distorting Demonspawn (level 7, -8/55 HPs)
             Began as a Demonspawn Abyssal Knight on Jan 26, 2021.
             Was a Believer of Lugonu.
             Killed by divine providence
             ... invoked by an orc priest
              (17 damage)
             ... on level 4 of the Dungeon.
             The game lasted 00:05:38 (3040 turns).

DasRunzen the Distorting Demonspawn (DsAK)          Turns: 3040, Time: 00:05:38

Health: -8/55      AC:  4    Str: 14    XL:     7   Next: 9%
Magic:  19/19      EV: 12    Int: 13    God:    Lugonu [**....]
Gold:   177        SH:  3    Dex: 13    Spells: 6/6 levels left

rFire    . . .     SeeInvis .   a - +3 spear
rCold    + . .     Faith    .   n - +0 buckler
rNeg     . . .     Spirit   .   b - +1 leather armour
rPois    .         Reflect  .   (no helmet)
rElec    .         Harm     .   (no cloak)
rCorr    .         Rampage  .   (no gloves)
Will     .....                  (no boots)
Stlth    +.........             (no amulet)
HPRegen  0.18/turn              i - ring of magical power
MPRegen  0.16/turn              (no ring)

@: no status effects
A: cold resistance 1, powered by death 1
a: Renounce Religion, Depart the Abyss, Bend Space


You were on level 4 of the Dungeon.
You worshipped Lugonu.
Lugonu was pleased with you.
You visited 1 branch of the dungeon, and saw 4 of its levels.
You visited the Abyss 1 time.

You collected 177 gold pieces.

Inventory:

Hand Weapons
 a - a +3 spear (weapon)
Armour
 b - a +1 leather armour (worn)
 n - a +0 buckler (worn)
Jewellery
 i - a ring of magical power (left hand)
Scrolls
 h - 4 scrolls of teleportation
 j - a scroll of identify {unknown}
 m - a scroll of enchant armour
Potions
 c - 2 potions of magic {unknown}
 d - a potion of haste {unknown}
 f - a potion of berserk rage {unknown}
 g - a potion of heal wounds {unknown}
 k - a potion of degeneration {unknown}
 l - a potion of brilliance {unknown}


   Skills:
 + Level 4.3 Fighting
 + Level 3.4 Polearms
 + Level 3.5 Armour
 + Level 2.9 Dodging
 + Level 0.6 Shields
 + Level 5.0 Invocations


You had 6 spell levels left.
You didn't know any spells.
Your spell library was empty.

Dungeon Overview and Level Annotations

Branches:
Dungeon (4/15)
 Temple: D:4-7

Altars:
Kikubaaqudgha

Annotations:
D:3 3 runed translucent doors, Majorwet's ghost, amateur OgBe; chipmonk's ghost, amateur GrFi; doomsgape's ghost, amateur DsGl


Innate Abilities, Weirdness & Mutations

Your flesh is cold resistant. (rC+)
You regenerate a little health from kills.


Message History

You hear some strange, mumbled words.
A puff of frost appears from out of thin air!
The puff of frost misses you.
The orc priest calls down the wrath of Beogh upon you.
Beogh smites you!
* * * LOW HITPOINT WARNING * * *
Something hits you but does no damage.
You hit something. Something barely misses you.
You puncture something! Lugonu accepts your kill.
Reactivating autopickup.
You feel a bit more experienced.
You hit the orc priest but do no damage.
The orc priest hits you with a +0 flail.
* * * LOW HITPOINT WARNING * * *
You hit the orc priest.
The orc priest is lightly wounded.
The orc priest calls down the wrath of Beogh upon you.
Beogh smites you!
You die...

###...###................
##.## ##.....).........
##...###................
#..#..#..#....###'######
#.###...###...#.........
#..#.....#....#.........
##.....#......#.........
####.###.....#.........
#..@oo....#..[......
#####o....#.........
#{....####.##..#
#........####..#
#........#......
#........#......
#........#......
#........#.....#
##########.....#


You could see an orc priest and 2 orcs.

Vanquished Creatures
  Sigmund (D:2)
  An ogre (D:4)
  A phantom (D:4)
  An orc wizard (D:4)
  Natasha (twice) (D:3)
  2 worker ants (D:4)
  2 gnolls (D:3)
  3 adders
  3 worms
  A leopard gecko (D:2)
  An orc (D:4)
  2 ball pythons (D:1)
  6 bats
  3 giant cockroaches
  5 hobgoblins
  A quokka (D:2)
  4 frilled lizards
  12 goblins
  A jackal skeleton (D:4)
  3 kobolds
  6 rats
61 creatures vanquished.

Vanquished Creatures (others)
  6 plants (D:2)
  A withered plant (D:3)
7 creatures vanquished.

Grand Total: 68 creatures vanquished

Notes
Turn   | Place    | Note
-------+----------+-------------------------------------------
     0 | Abyss:1  | DasRunzen the Demonspawn Abyssal Knight began the quest for
                  | the Orb.
     0 | Abyss:1  | Reached XP level 1. HP: 18/18 MP: 2/2
    49 | Abyss:1  | Noticed a yellow draconian
    67 | Abyss:1  | Noticed a tentacled starspawn
    69 | D:1      | Escaped the Abyss
   121 | D:1      | Reached skill level 1 in Dodging
   353 | D:1      | Gained mutation: You regenerate a little health from kills.
                  | [demonic ancestry]
   353 | D:1      | Reached XP level 2. HP: 24/24 MP: 4/4
   569 | D:1      | Reached * piety under Lugonu
   790 | D:2      | Noticed Sigmund
   800 | D:2      | Found an ancient bone altar of Kikubaaqudgha.
   806 | D:2      | Killed Sigmund
   807 | D:2      | Reached skill level 3 in Invocations
   807 | D:2      | Reached XP level 3. HP: 20/30 MP: 5/5
   807 | D:2      | Reached XP level 4. HP: 25/37 MP: 6/6
   807 | D:2      | Gained mutation: Your flesh is cold resistant. (rC+)
                  | [demonic ancestry]
   807 | D:2      | Reached XP level 5. HP: 28/42 MP: 7/7
  1153 | D:2      | Reached skill level 4 in Invocations
  1905 | D:3      | Found a runed translucent gate.
  1905 | D:3      | Found a runed translucent gate.
  1905 | D:3      | Found a runed translucent gate.
  2016 | D:3      | Noticed Natasha
  2031 | D:3      | Killed Natasha
  2130 | D:3      | Reached XP level 6. HP: 47/48 MP: 9/9
  2234 | D:3      | Reached ** piety under Lugonu
  2381 | D:3      | Noticed Natasha
  2385 | D:3      | Killed Natasha
  2393 | D:3      | Noticed chipmonk's ghost (amateur GrFi)
  2393 | D:3      | Noticed Majorwet's ghost (amateur OgBe)
  2393 | D:3      | Noticed doomsgape's ghost (amateur DsGl)
  2955 | D:4      | Reached skill level 5 in Invocations
  2955 | D:4      | Reached XP level 7. HP: 44/55 MP: 10/10
  3040 | D:4      | Killed from afar by an orc priest

Illustrated notes

Levels and vault maps discovered:
D:1:      dpeg_arrival_pits, layout_basic
D:2:      cheibrodos_old_hovel, layout_loops_ring, lemuel_statue_altar,
          uniq_sigmund
D:3:      layout_basic, gammafunk_ghost_cemetery, uniq_natasha
D:4:      layout_gridville, serial_glass, glass_columns_b, glass_columns_b,
          feat_on_display, minmay_strange_pillars, kennysheep_boxes

Skill      XL: |  1  2  3  4  5  6 |
---------------+-------------------+-----
Dodging        | 1 2 |  2.9
Polearms       | 2 3 |  3.4
Armour         | 2 3 |  3.5
Invocations    | 3 4 5 |  5.0
Fighting       | 4 |  4.3
Shields        | |  0.6

Action                   |  1- 3 |  4- 6 |  7- 9 || total
-------------------------+-------+-------+-------++-------
Melee: Spear             |    52 |   187 |    22 ||   261
Invok: Depart the Abyss  |     1 |       |       ||     1
  Use: Scroll            |     3 |     3 |       ||     6
       Potion            |     2 |       |       ||     2
 Stab: Sleeping          |       |     1 |       ||     1
Armor: Leather armour    |     7 |    27 |     4 ||    38
Dodge: Dodged            |    29 |    86 |     4 ||   119
Block: Buckler           |       |     1 |     1 ||     2
